 Dungeon Crawl Stone Soup version 0.29-a0-334-gb41bcbb86e (webtiles) character file.

Game seed: 72180895405721952

99 rageheart7 the Slasher (level 4, -9/38 HPs)
             Began as a Barachi Gladiator on Apr 14, 2022.
             Blown up by Ijyb (15 damage)
             ... with a mindburst bolt
             ... on level 3 of the Dungeon.
             The game lasted 00:02:04 (2674 turns).

rageheart7 the Slasher (Barachi Gladiator)          Turns: 2674, Time: 00:02:05

Health: -9/38      AC:  4    Str: 13 (15) XL:     4   Next: 72%
Magic:  4/4        EV: 12    Int:  7 (9)  God:
Gold:   50         SH:  0    Dex: 13 (15) Spells: 3/3 levels left

rFire   . . .      SeeInvis .   a - +0 long sword
rCold   . . .      Faith    .   (no shield)
rNeg    . . .      Spirit   .   b - +0 leather armour
rPois   .          Reflect  .   c - +0 helmet
rElec   .          Harm     .   (no cloak)
rCorr   .          Rampage  .   (no gloves)
Will    +....                   (no boots)
Stlth   +.........              (no amulet)
HPRegen 0.12/turn               k - ring of willpower
MPRegen 0.09/turn               (no ring)

@: slow
A: amphibious, slowness 1, strong legs 1, +LOS
a: Hop


You were on level 3 of the Dungeon.
You visited 1 branch of the dungeon, and saw 3 of its levels.

You collected 50 gold pieces.

Inventory:

Hand Weapons
 a - a +0 long sword (weapon)
Missiles
 d - 3 throwing nets (quivered)
 e - a javelin
 i - 2 silver javelins
Armour
 b - a +0 leather armour (worn)
 c - a +0 helmet (worn)
Jewellery
 k - a ring of willpower (left hand)
Scrolls
 m - a scroll of identify
Potions
 f - a potion of magic
 g - 2 potions of brilliance
 h - a potion of haste


   Skills:
 * Level 4.4 Fighting
 * Level 5.2 Long Blades
 - Level 2.0 Throwing
 - Level 3.2 Dodging


You had 3 spell levels left.
You didn't know any spells.
Your spell library was empty.

Dungeon Overview and Level Annotations

Branches:
Dungeon (3/15)

Altars:

Shops:
D:2 [

Annotations:
D:3 Ijyb


Innate Abilities, Weirdness & Mutations

You are amphibious.
You cover ground slowly.
You can hop short distances.
You have an extended range of vision and can be seen from far away.


Message History

You slash the adder!
You kill the adder!
You feel sick.
You hit Ijyb but do no damage.
You feel sick. Ijyb screams, "Me kill you!"
Ijyb zaps a wand.
You resist with some effort.
You hit Ijyb.
Ijyb is lightly wounded.
You feel sick.
Ijyb zaps a wand.
Your mind is blasted!
You hit Ijyb but do no damage.
Ijyb is lightly wounded.
You feel sick. Ijyb hits you with a +0 club.
You closely miss Ijyb.
Ijyb is lightly wounded.
You feel sick. Ijyb closely misses you. Ijyb hits you but does no damage.
You barely miss Ijyb.
Ijyb is lightly wounded.
You feel sick.
You are no longer poisoned.
Ijyb hits you with a +0 club.
You hit Ijyb but do no damage.
Ijyb is lightly wounded.
Ijyb hits you with a +0 club.
You hit Ijyb.
Ijyb is moderately wounded.
Ijyb hits you with a +0 club.
You closely miss Ijyb.
Ijyb is moderately wounded.
Ijyb zaps a wand.
You resist with some effort.
You barely miss Ijyb.
Ijyb is moderately wounded.
Ijyb zaps a wand.
Your mind is blasted!
* * * LOW HITPOINT WARNING * * *
You barely miss Ijyb.
Ijyb is moderately wounded.
Ijyb closely misses you.
You hit Ijyb.
Ijyb is moderately wounded.
Ijyb hits you but does no damage.
Ijyb zaps a wand.
Your mind is blasted!
You die...

##.#.#..†#..#####.#
#.#.#............######..
# #.#.....###.##.........
# ##....###.#..######..
#...........#
.........#.##
##..######.# #..# #.# #@#
#g# #.. .... ...## ....#
..(## ###.# #.#


You could see Ijyb.

Vanquished Creatures
  6 adders
  A worm (D:2)
  A dart slug (D:2)
  8 bats
  3 endoplasms
  A giant cockroach (D:1)
  3 goblins (D:1)
  2 hobgoblins
  3 jackals (D:1)
  4 kobolds
  3 quokkas
  2 ball pythons
  2 frilled lizards (D:1)
  3 rats
42 creatures vanquished.

Notes
Turn   | Place    | Note
-------+----------+-------------------------------------------
     0 | D:1      | rageheart7 the Barachi Gladiator began the quest for the
                  | Orb.
     0 | D:1      | Reached XP level 1. HP: 17/17 MP: 1/1
   467 | D:1      | Reached skill level 4 in Long Blades
   467 | D:1      | Reached XP level 2. HP: 10/23 MP: 2/2
  1090 | D:1      | Found a faded altar of an unknown god.
  1313 | D:1      | Reached XP level 3. HP: 27/29 MP: 3/3
  1882 | D:2      | Reached XP level 4. HP: 25/37 MP: 4/4
  2200 | D:2      | Reached skill level 5 in Long Blades
  2277 | D:2      | Found Cimmon's Antique Armour Shoppe.
  2654 | D:3      | Noticed Ijyb
  2674 | D:3      | Blown up by Ijyb

Illustrated notes

Levels and vault maps discovered:
D:1:      minmay_arrival_split_and_join, layout_basic,
          hellmonk_ecumenical_altar_lost_god, minmay_cupped
D:2:      layout_loops_ring, serial_shops, nicolae_shop_statue_plus,
          minmay_misc_feat_hallway
D:3:      layout_loops_ring, general_overflow_altar, uniq_ijyb

Skill      XL: |  1  2  3  4 |
---------------+-------------+-----
Long Blades    | 4 5 |  5.2
Fighting       | 3 4 |  4.4
Throwing       | |  2.0
Dodging        | |  3.2

Action                   |  1- 3 |  4- 6 || total
-------------------------+-------+-------++-------
Melee: Long sword        |   127 |    42 ||   169
       Punch             |     1 |       ||     1
  Use: Scroll            |     3 |     2 ||     5
       Potion            |       |     2 ||     2
 Stab: Sleeping          |     1 |       ||     1
Armor: Leather armour    |    51 |    12 ||    63
Dodge: Dodged            |   106 |    17 ||   123

Table legend: (Time is in decaauts)
 A = Elapsed time spent in this place.
 B = Non-inter-level travel time spent in this place.
 C = Inter-level travel time spent in this place.
 D = Time resting spent in this place.
 E = Time spent auto-exploring this place.
 F = Levels seen in this place.
 G = Mean time per level.
                   A        B        C        D        E       F      G
               +--------+--------+--------+--------+--------+-----+--------+
         Total |   2932 |   2869 |     63 |      0 |   2488 |   3 |  977.3 |
       Dungeon |   2932 |   2869 |     63 |      0 |   2488 |   3 |  977.3 |
               +--------+--------+--------+--------+--------+-----+--------+

Top non-repeatable levels by time:
     D:1: 1632 daAuts
     D:2: 1186 daAuts
     D:3: 113 daAuts
